 Dungeon Crawl Stone Soup version 0.20.1-1-g8b1a95d66d (webtiles) character file.

2044 Gargoyl the Agent of Entropy (level 9, -3/166 HPs)
             Began as a Centaur Abyssal Knight on Nov 24, 2017.
             Was a Priest of Lugonu.
             Killed from afar by Joseph (16 damage)
             ... with a wand of lightning (?/15)
             ... on level 7 of the Dungeon.
             The game lasted 00:10:19 (7176 turns).

Gargoyl the Agent of Entropy (CeAK)                 Turns: 7176, Time: 00:10:19

Health: -3/166     AC: 24    Str: 18 (21) XL:     9   Next: 4%
Magic:  13/13      EV:  1    Int: 10 (11) God:    Lugonu [***...]
Gold:   433        SH:  8    Dex: 10 (11) Spells: 8/8 levels left

rFire    . . .     SeeInvis .   a - +2 hand axe (chop)
rCold    . . .     Gourm    .   o - +0 shield
rNeg     + + +     Faith    .   (armour currently unavailable)
rPois    +         Spirit   .   (helmet currently unavailable)
rElec    .         Reflect  .   (cloak currently unavailable)
rCorr    .         Harm     .   (gloves currently unavailable)
MR       .....     NoTele   +   (no barding)
Stlth    ..........             (no amulet)
Regen    0.4/turn               p - +3 ring of evasion
MPRegen  0.2/turn               (no ring)

@: berserking (expiring), tree-form (expiring), very quick
A: no striking features
a: Depart the Abyss, Bend Space, Banish, Renounce Religion


You were on level 7 of the Dungeon.
You worshipped Lugonu.
Lugonu was most pleased with you.
You were not hungry.
You were a tree.
You visited 1 branch of the dungeon, and saw 7 of its levels.
You visited the Abyss 1 time.

You collected 433 gold pieces.

Inventory:

Hand Weapons
 a - a +2 hand axe of chopping (weapon)
Missiles
 d - 5 tomahawks (quivered)
Armour
 b - a +1 helmet (melded)
 h - a +0 plate armour (melded)
 o - a +0 shield (worn)
Jewellery
 p - a +3 ring of evasion (left branch)
Wands
 e - a wand of disintegration (24/24)
 v - a wand of enslavement (13/24)
 w - a wand of polymorph (4/24)
Scrolls
 i - 2 scrolls of remove curse
 r - a scroll of enchant weapon
 u - 2 scrolls of teleportation
 x - a scroll of magic mapping
Potions
 k - a potion of magic {unknown}
 l - a potion of mutation
 m - 2 potions of degeneration
 q - a potion of flight {unknown}
 t - 3 potions of curing
Comestibles
 c - 4 bread rations
 f - 2 royal jellies
 s - 2 meat rations


   Skills:
 + Level 5.1 Fighting
 + Level 5.2 Axes
 + Level 1.6 Throwing
 * Level 5.3 Armour
 + Level 1.3 Dodging
 + Level 2.4 Shields
 * Level 5.9 Invocations


You had 8 spell levels left.
You didn't know any spells.

Dungeon Overview and Level Annotations

Branches:
Dungeon (7/15)
 Temple: D:4-7

Altars:
Ashenzari
Dithmenos
Fedhas
Kikubaaqudgha
Ru
Sif Muna
Trog
Uskayaw
Xom
Yredelemnul
The Shining One

Annotations:
D:3 QueTanthalas's ghost, amateur DrBe
D:7 Joseph
Abyss:1 Pikel


Innate Abilities, Weirdness & Mutations

((You have hooves in place of feet.))
((Armour fits poorly on your strangely shaped body.))
((You cover ground very quickly.))
((You have extremely tough skin. (AC +3)))
((Your flesh is cold resistant. (rC+)))
((You are occasionally teleported next to monsters.))


Message History

You slash Joseph!
Joseph is moderately wounded.
Joseph hits you but does no damage.
You slash Joseph!
Joseph is heavily wounded.
Joseph hits you but does no damage.
You slash Joseph!
Joseph is severely wounded.
Joseph zaps a wand.
The bolt of lightning hits you!
* * * LOW HITPOINT WARNING * * *
You barely miss Joseph.
Joseph is severely wounded.
You hit Joseph.
Joseph is severely wounded.
Joseph hits you but does no damage.
You are too berserk!
You slash Joseph!
Joseph is almost dead.
Joseph zaps a wand.
The bolt of lightning hits you!
You die...

..##....####
#.##.#.....# ##......#
#.##.#.....####.......
#..............).....
#...#......### ..?..
#...#......# #...
..#####..### #..
#...#(...# #@#
###.#..#.## #♣#
..........# #(#
######.#.## #.# #
#.### #(# # #.# ####.#
# #.######....# .
#........####
.......######.#
.#####.# #.#


You could see Joseph.

Vanquished Creatures
  A hippogriff (D:7)
  Duvessa (D:7)
  An ice beast (D:7)
  A sky beast (D:5)
  4 ogres
  A hornet zombie (D:6)
  A bullfrog (D:6)
  A water moccasin skeleton (D:4)
  Dowan (D:7)
  3 orc wizards
  A jelly (D:5)
  2 hounds (D:4)
  An iguana (D:6)
  7 worker ants
  2 hound skeletons
  4 adders
  2 oozes
  An adder skeleton (D:4)
  A worm (D:4)
  4 dart slugs
  5 leopard geckos
  16 orcs
  A ball python (D:1)
  5 giant cockroaches
  8 goblins
  6 hobgoblins
  6 jackals
  8 kobolds
  A ball python skeleton (D:4)
  5 bats
  9 frilled lizards
  A leopard gecko skeleton (D:4)
  A leopard gecko zombie (D:6)
  10 rats
122 creatures vanquished.

Vanquished Creatures (others)
  2 starspawn tentacles (Abyss:2)
2 creatures vanquished.

Grand Total: 124 creatures vanquished

Notes
Turn   | Place    | Note
-------+----------+-------------------------------------------
     0 | Abyss:1  | Gargoyl the Centaur Abyssal Knight began the quest for the Orb.
     0 | Abyss:1  | Reached XP level 1. HP: 19/19 MP: 2/2
    59 | Abyss:1  | Noticed a wretched star
    86 | Abyss:2  | Found a corrupted altar of Lugonu.
    98 | Abyss:2  | Noticed a tentacled starspawn
    98 | Abyss:2  | Noticed a fire dragon zombie
   104 | D:1      | Escaped the Abyss
   169 | D:1      | Reached XP level 2. HP: 15/26 MP: 3/3
   312 | D:1      | Reached * piety under Lugonu
   896 | D:2      | Reached XP level 3. HP: 31/31 MP: 4/4
  1736 | D:3      | Found a hide-covered altar of Uskayaw.
  1745 | D:3      | Found a glowing golden altar of the Shining One.
  1777 | D:3      | Noticed QueTanthalas's ghost (amateur DrBe)
  1810 | D:3      | Found a basalt altar of Yredelemnul.
  1810 | D:3      | Found an ancient bone altar of Kikubaaqudgha.
  1812 | D:3      | Found a blossoming altar of Fedhas.
  1819 | D:3      | Found a shadowy altar of Dithmenos.
  1867 | D:3      | Reached XP level 4. HP: 40/40 MP: 5/5
  2262 | D:3      | Reached ** piety under Lugonu
  2345 | D:3      | Found a shimmering altar of Xom.
  2822 | D:4      | Reached XP level 5. HP: 42/46 MP: 5/7
  2839 | D:4      | Reached skill level 1 in Dodging
  2853 | D:4      | HP: 2/46 [poisoned by a worker ant]
  2860 | D:4      | HP: 1/46 [poisoned by a worker ant]
  2868 | D:4      | HP: 1/46 [poisoned by a worker ant]
  3505 | D:4      | Reached XP level 6. HP: 44/52 MP: 8/8
  3716 | D:4      | Found a shattered altar of Ashenzari.
  4380 | D:4      | Found a sacrificial altar of Ru.
  4449 | D:5      | Entered Level 5 of the Dungeon
  4465 | D:5      | Noticed a moth of wrath
  4468 | D:5      | Found a bloodstained altar of Trog.
  4618 | D:5      | Reached skill level 1 in Shields
  4618 | D:5      | Reached XP level 7. HP: 41/59 MP: 9/9
  4895 | D:5      | Reached skill level 1 in Throwing
  5848 | D:6      | Noticed Pikel
  5848 | D:6      | Reached *** piety under Lugonu
  5872 | D:6      | HP: 3/60 [Pikel/whip of electrocution (17)]
  5875 | D:6      | Banished Pikel
  5875 | D:6      | Reached skill level 5 in Invocations
  5875 | D:6      | Reached XP level 8. HP: 4/67 MP: 10/12
  6316 | D:6      | Found a deep blue altar of Sif Muna.
  6667 | D:6      | Reached skill level 5 in Armour
  6800 | D:7      | Noticed Duvessa
  6804 | D:7      | Noticed Dowan
  6821 | D:7      | Killed Dowan
  6859 | D:7      | Killed Duvessa
  6859 | D:7      | Reached skill level 5 in Fighting
  6859 | D:7      | Reached skill level 5 in Axes
  6875 | D:7      | Noticed a hippogriff
  7086 | D:7      | Killed a hippogriff
  7135 | D:7      | Noticed Joseph
  7153 | D:7      | Gained mutation: You are occasionally teleported next to monsters. [potion of mutation]
  7153 | D:7      | Gained mutation: Your flesh is cold resistant. (rC+) [potion of mutation]
  7159 | D:7      | Reached XP level 9. HP: 35/74 MP: 13/13
  7176 | D:7      | Killed from afar by Joseph

Skill      XL: |  1  2  3  4  5  6  7  8 |
---------------+-------------------------+-----
Axes           | 2 3 4 5 |  5.2
Armour         | 2 3 4 5 |  5.3
Dodging        | 1 |  1.3
Invocations    | 3 5 |  5.9
Fighting       | 4 5 |  5.1
Shields        | 1 2 |  2.4
Throwing       | 1 |  1.6

Action                   |  1- 3 |  4- 6 |  7- 9 || total
-------------------------+-------+-------+-------++-------
Melee: Hand axe          |    88 |   133 |   201 ||   422
       Kick              |    15 |    25 |    43 ||    83
Throw: Tomahawk          |       |     8 |     7 ||    15
Invok: Depart the Abyss  |     1 |       |       ||     1
       Banish            |       |       |     1 ||     1
  Use: Scroll            |     8 |     3 |     2 ||    13
       Potion            |     3 |       |     8 ||    11
  Eat: Chunk             |     2 |     7 |     8 ||    17
Armor: Leather armour    |    20 |    10 |       ||    30
       Ring mail         |       |     9 |       ||     9
       Plate armour      |       |    45 |   144 ||   189
       Skin              |       |       |     9 ||     9
Dodge: Dodged            |    35 |    20 |    33 ||    88
Block: Shield            |    20 |    46 |    85 ||   151
